Unix NetHack Version 5.0.0-0 post-release - last build Jul 19 2026 19:10:59 (3aa4ab31751d3886436d94b585a96704892fd477,branch:main).

Game began 2026-07-30 15:15:28, ended 2026-07-30 15:38:43.

ChoHag, neutral male human Tourist

                           ----
                           |..--
                          --...---------
                          |.....(......|
                          |......-
          ----            --.---.|
        ---..-             |.|  .--
       --....       -----  |.|  ..| --
      --.....---    |...| --.---..--.--
      .........--   |...---...|.......|
  --  --.....`..|   |................-
  |.........G..--------..............--
  --------...G.@G...GG.hG.............---
     -..........-------....-.-..........--
    |............-    ---................-
    |...........G...    ----.--.|...........-
    ----.---......|        |..----..--.|.--
       --  -----.--        |..|   --- ----
                --         ----
ChoHag the Sightseer        St:9 Dx:13 Co:17 In:13 Wi:10 Ch:14  Neutral S:803
Dlvl:9  $:1015 HP:0(25) Pw:10(10) AC:4  Xp:3/48 T:1907 

Latest messages:
 %        a piece of food (a rothe corpse)
 You descend the stairs.
 You swap places with Joe.
 You kill the gnome!
 Joe eats a gnome corpse.
 A trap door opens up under you!
 You fall down a shaft!
 Welcome to experience level 3.
 Are you waiting to get hit?  Use 'm' prefix to force a no-op (to rest).
 Are you waiting to get hit?
 Are you waiting to get hit?
 Are you waiting to get hit?
 Are you waiting to get hit?
 Are you waiting to get hit?
 Are you waiting to get hit?
 Are you waiting to get hit?
 Are you waiting to get hit?
 Are you waiting to get hit?
 Are you waiting to get hit?
 Are you waiting to get hit?
 Are you waiting to get hit?
 Are you waiting to get hit?
 Are you waiting to get hit?
 Are you waiting to get hit?
 Are you waiting to get hit?
 Are you waiting to get hit?
 Are you waiting to get hit?
 Are you waiting to get hit?
 The gnome hits!
 The gnome lord wields a crossbow!
 The dwarf throws a dagger!
 You are hit by a dagger.
 The gnome picks up a dagger.
 The gnome wields a dagger!
 The dwarf hits!
 The gnome throws a dagger!
 You are hit by a dagger.
 You hear the howling of the CwnAnnwn...
 The dwarf picks up a dagger.
 The gnome hits!
 The gnome misses!
 The gnome misses!
 You hit the gnome.
 The gnome hits!
 With great effort you move the boulder.
 The gnome shoots an arrow!
 An arrow misses you.
 The gnome picks up an arrow.
 The gnome hits!
 You die...

Inventory:
 Coins    ('$')
  $ - 1015 gold pieces
 Weapons  (')')
  a - 24 +2 darts (at the ready)
  v - 2 +0 orcish daggers
  E - 4 +0 daggers
  F - 7 +0 darts
  H - a blessed +1 dagger
  R - a blessed +1 axe
 Armor    ('[')
  I - an uncursed +1 dwarvish iron helm (being worn)
  M - an uncursed +1 pair of iron shoes (being worn)
  S - an uncursed +0 dwarvish cloak (being worn)
 Comestibles  ('%')
  b - 2 uncursed food rations
  c - 4 uncursed eggs
  d - an uncursed cram ration
  e - an uncursed fortune cookie
  f - an uncursed tripe ration
 Scrolls  ('?')
  h - 3 uncursed scrolls of magic mapping
  i - a blessed scroll of magic mapping
  p - a blessed scroll of gold detection
  t - an uncursed scroll of scare monster
  y - an uncursed scroll of create monster
  z - a blessed scroll of teleportation
 Potions  ('!')
  g - 2 uncursed potions of extra healing
  o - 6 uncursed potions of healing
  w - a blessed potion of gain energy
 Wands    ('/')
  A - a wand of light (0:13)
 Tools    ('(')
  k - an uncursed credit card
  l - an expensive camera (0:49)
  m - an uncursed towel
  u - a cursed tin whistle
  T - an uncursed towel
 Gems/Stones  ('*')
  x - an uncursed flint stone
  P - an uncursed luckstone

ChoHag the Tourist's attributes:

Background:
 You were a Sightseer, a level 3 male human Tourist.
 You were neutral, nominally on a mission for The Lady
 who was opposed by Blind Io (lawful) and Offler (chaotic).
 You were right-handed.
 You were in the Gnomish Mines, on level 9.
 You entered the dungeon 1907 turns ago.
 There was a full moon in effect when your adventure ended.
 You had 48 experience points, 32 more were needed to attain level 4.
 Your score was 803 before end-of-game adjustments.

Basics:
 You had 0 out of 25 hit points.
 You had all 10 energy points (spell power).
 Your armor class was 4.
 Your wallet contained 1015 zorkmids.
 Autopickup was off.

Final Characteristics:
 Your strength was 9 (limit:18/100).
 Your dexterity was 13 (limit:18).
 Your constitution was 17 (limit:18).
 Your intelligence was 13 (limit:18).
 Your wisdom was 10 (limit:18).
 Your charisma was 14 (limit:18).

Final Status:
 You weren't hungry.
 You were unencumbered.
 You were bare handed.
 You were unskilled in bare handed combat.

Final Attributes:
 You were aligned.
 Your items were somewhat protected from fire.
 Your items were somewhat protected from cold.
 You were warded.
 You were lucky.
 You had extra luck.
 Bad luck did not time out for you.
 Good luck did not time out for you.
 You are dead.

Miscellaneous:
 You didn't encounter any bones levels.
 Total elapsed playing time was 23 minutes and 14 seconds.

Major events:
 Turn
    1: ChoHag the neutral male human Tourist entered the dungeon
 1339: entered the Gnomish Mines
 1869: attained the rank of Sightseer (level 3)
 1907: killed by a gnome

You didn't know any spells.

Skills:
 Fighting Skills
   bare handed combat [Unskilled]
   two weapon combat  [Unskilled]
   riding             [Unskilled]
 Weapon Skills
   dagger             [Unskilled]
   knife              [Unskilled]
   axe                [Unskilled]
   pick-axe           [Unskilled]
   short sword        [Unskilled]
   broadsword         [Unskilled]
   long sword         [Unskilled]
   two-handed sword   [Unskilled]
   saber              [Unskilled]
   mace               [Unskilled]
   morning star       [Unskilled]
   flail              [Unskilled]
   hammer             [Unskilled]
   quarterstaff       [Unskilled]
   polearms           [Unskilled]
   spear              [Unskilled]
   trident            [Unskilled]
   lance              [Unskilled]
   bow                [Unskilled]
   sling              [Unskilled]
   crossbow           [Unskilled]
   dart               [Basic]
   shuriken           [Unskilled]
   boomerang          [Unskilled]
   whip               [Unskilled]
   unicorn horn       [Unskilled]
 Spellcasting Skills
   divination spells  [Unskilled]
   enchantment spells [Unskilled]
   escape spells      [Unskilled]

Voluntary challenges:
 Character rerolling was not enabled.
 You were an atheist.
 You never hit with a wielded weapon.
 You never genocided any monsters.
 You never polymorphed an object.
 You never changed form.
 You used no wishes.
Achievements:
 You entered the Gnomish Mines.
 You attained the rank of Sightseer.

 The Dungeons of Doom: levels 1 to 5
    Level 1:
       Some fountains.
    Level 2:
       A fountain.
    Level 3:
       A fountain.
    Level 4:
       A fountain.
       Stairs down to The Gnomish Mines.
    Level 5:
       A fountain.
 The Gnomish Mines: levels 5 to 9
    Level 5:
    Level 6:
    Level 7:
    Level 9: <- You were here.
       Final resting place for
          you, killed by a gnome.


Vanquished creatures:
  3 gnome leaders
  2 dwarves
  2 rothes
  a monkey
 an acid blob
  a coyote
  a giant rat
 11 gnomes
  4 geckos
  4 jackals
  2 foxes
  2 goblins
  a grid bug
  2 lichens
  a kobold zombie
  a newt
39 creatures vanquished.

No species were genocided or became extinct.

Game over:
                       ----------
                      /          \
                     /    REST    \
                    /      IN      \
                   /     PEACE      \
                  /                  \
                  |      ChoHag      |
                  |     1015 Au      |
                  |   killed by a    |
                  |      gnome       |
                  |                  |
                  |                  |
                  |       2026       |
                 *|     *  *  *      | *
        _________)/\\_//(\/(/\)/\//\/|_)_______

Aloha ChoHag the Tourist...

You died in The Gnomish Mines on dungeon level 9 with 783 points,
and 1015 pieces of gold, after 1907 moves.
You were level 3 with a maximum of 25 hit points when you died.

